 Dungeon Crawl Stone Soup version 0.29-a0-892-g2c4c91d9db (webtiles) character file.

Game seed: 11489058614774647587

42541 veljko94 the Protected (level 13, -12/125 HPs)
             Began as a Minotaur Fighter on July 21, 2022.
             Was a High Priest of Makhleb.
             Mangled by a stone giant (14 damage)
             ... on level 1 of the Depths on July 22, 2022.
             The game lasted 01:11:30 (16635 turns).

veljko94 the Protected (Minotaur Fighter)          Turns: 16635, Time: 01:11:34

Health: -12/125    AC: 29    Str: 26    XL:     13   Next: 86%
Magic:  0/17       EV: 12    Int:  5    God:    Makhleb [*****.]
Gold:   720        SH:  7    Dex: 14    Spells: 12/12 levels left

rFire   + . .      SeeInvis +   P - +0 war axe of Eternal Harmony {elec, rN+ Will+}
rCold   + . .      Faith    .   c - +0 buckler
rNeg    + . .      Spirit   +   t - +6 plate armour {rPois}
rPois   +          Reflect  .   (helmet restricted)
rElec   .          Harm     .   r - +2 cloak
rCorr   +          Rampage  .   b - +0 pair of gloves
Will    +....                   s - +0 pair of boots
Stlth   ..........              L - amulet of guardian spirit
HPRegen 0.30/turn               n - +4 ring of evasion
MPRegen 0.15/turn               M - ring of the Tuna {rF+ rC+ rCorr Dex+4 SInv}

@: invisible
A: horns 2, retaliatory headbutt
a: Renounce Religion, Minor Destruction, Lesser Servant of Makhleb, Major
Destruction, Greater Servant of Makhleb


You were on level 1 of the Depths.
You worshipped Makhleb.
Makhleb was extremely pleased with you.
You visited 2 branches of the dungeon, and saw 16 of its levels.
You also visited: Ossuary.

You collected 2347 gold pieces.
You spent 1627 gold pieces at shops.

Inventory:

Hand Weapons
 h - the +7 staff of the Meek {protect, meekguard}
   (You found it on level 6 of the Dungeon)

   It grants its wielder temporary protection when it strikes (+7 to AC).
   It provides extra protection to wielders with little health.
 P - the +0 war axe of Eternal Harmony (weapon) {elec, rN+ Will+}
   (You found it on level 15 of the Dungeon)

   It occasionally discharges a powerful burst of electricity upon striking a
   foe.
   rN:        It protects you from negative energy.
   Will:      It increases your willpower.
Missiles
 E - 3 throwing nets (quivered)
Armour
 b - a +0 pair of gloves (worn)
 c - a +0 buckler (worn)
 r - a +2 cloak (worn)
 s - a +0 pair of boots (worn)
 t - a +6 plate armour of poison resistance (worn)
Jewellery
 a - a ring of poison resistance
 n - a +4 ring of evasion (left hand)
 I - a +6 ring of dexterity
 K - a ring of ice
 L - an amulet of guardian spirit (around neck)
 M - the ring of the Tuna (right hand) {rF+ rC+ rCorr Dex+4 SInv}
   (You bought it in a shop on level 13 of the Dungeon)

   [ring of resist corrosion]

   Dex:       It affects your dexterity (+4).
   rF:        It protects you from fire.
   rC:        It protects you from cold.
   SInv:      It lets you see invisible.
   rCorr:     It protects you from acid and corrosion.
 O - an amulet of magic regeneration
Wands
 m - a wand of digging (6)
 q - a wand of flame (22)
 B - a wand of paralysis (14)
 C - a wand of iceblast (16)
 H - a wand of quicksilver (4)
Scrolls
 g - a scroll of poison {unknown}
 o - 4 scrolls of teleportation
 w - 2 scrolls of amnesia
 y - 2 scrolls of magic mapping
 z - 2 scrolls of fog
 D - a scroll of blinking
 F - a scroll of enchant weapon
 N - a scroll of fear
Potions
 d - 4 potions of might
 e - 2 potions of invisibility
 f - 3 potions of haste
 i - 3 potions of brilliance
 k - 2 potions of cancellation {unknown}
 l - a potion of curing
 p - 4 potions of attraction {unknown}
 u - 3 potions of mutation
 v - a potion of ambrosia {unknown}
 x - 2 potions of flight {unknown}
 A - 3 potions of lignification {unknown}
 G - 2 potions of degeneration {unknown}
 J - a potion of berserk rage {unknown}


   Skills:
 + Level 14.8 Fighting
 * Level 3.1(6.4) Axes
 - Level 8.8(11.7) Polearms
 - Level 11.6(12.8) Staves
 + Level 14.9 Armour
 - Level 12.0 Shields
 + Level 7.6 Invocations


You had 12 spell levels left.
You didn't know any spells.
Your spell library contained the following spells:

 Spells                   Type           Power      Damage    Failure   Level
 Foxfire                  Conj/Fire      0%         2x1d4     99%         1
 Magic Dart               Conj           0%         1d3       99%         1
 Sandblast                Erth           0%         2d4       99%         1
 Summon Small Mammal      Summ           0%         N/A       99%         1
 Ensorcelled Hibernation  Hex/Ice        0%         N/A       100%        2
 Passwall                 Tmut/Erth      0%         N/A       100%        2
 Searing Ray              Conj           0%         2d4       100%        2
 Call Canine Familiar     Summ           0%         N/A       100%        3
 Confusing Touch          Hex            0%         N/A       100%        3
 Conjure Flame            Conj/Fire      0%         6-21      100%        3
 Inner Flame              Hex/Fire       0%         N/A       100%        3
 Ozocubu's Armour         Ice            0%         N/A       100%        3
 Stone Arrow              Conj/Erth      0%         3d7       100%        3
 Summon Guardian Golem    Hex/Summ       0%         N/A       100%        3
 Swiftness                Air            0%         N/A       100%        3
 Flame Wave               Conj/Fire      0%         2d4       100%        4
 Fulminant Prism          Conj/Hex       0%         3d6       100%        4
 Metabolic Englaciation   Hex/Ice        0%         N/A       100%        5
 Yara's Violent Unravell  Hex/Tmut       0%         3d3       100%        5
 Iron Shot                Conj/Erth      0%         9d1       100%        6
 Simulacrum               Ice/Necr       0%         N/A       100%        6
 Enfeeble                 Hex            0%         N/A       100%        7


Dungeon Overview and Level Annotations

Branches:
Dungeon (15/15)            Temple (0/1) D:6            Lair (0/5) D:11
    Orc (0/2) D:10         Vaults (0/5) D:13         Depths (1/4) D:15
Ossuary (visited)

Altars:
Ashenzari
Dithmenos
Fedhas
Gozag
Makhleb
Nemelex Xobeh
Okawaru
Qazlal
Ru
Sif Muna

Shops:
D:5 *   D:8 ?   D:13 [=[


Innate Abilities, Weirdness & Mutations

You have a pair of horns on your head.
You reflexively headbutt those who attack you in melee.


Message History

You slice the stone giant!!
The stone giant is moderately wounded.
The stone giant hits you!! The stone giant barely misses you.
You hit the stone giant.
The stone giant is moderately wounded.
The stone giant hits you!!
* * * LOW HITPOINT WARNING * * *
You hit the stone giant but do no damage.
You headbutt the stone giant, but do no damage.
The stone giant is moderately wounded.
The stone giant hits you!
* * * LOW HITPOINT WARNING * * *
You feel better. The stone giant hits you!
* * * LOW HITPOINT WARNING * * *
You hit the stone giant. You headbutt the stone giant!
The stone giant is heavily wounded.
The stone giant hits you but does no damage.
You hit the stone giant but do no damage.
You headbutt the stone giant!
The stone giant is heavily wounded.
You block the stone giant's attack. The stone giant misses you.
You hit the stone giant but do no damage.
The stone giant is heavily wounded.
The stone giant hits you but does no damage.
You hit the stone giant but do no damage.
The stone giant is heavily wounded.
The stone giant hits you.
* * * LOW HITPOINT WARNING * * *
You barely miss the stone giant.
The stone giant is heavily wounded.
The stone giant hits you!
* * * LOW HITPOINT WARNING * * *
You feel better. You block the stone giant's attack.
You slash the stone giant! You headbutt the stone giant!
The stone giant is severely wounded.
You block the stone giant's attack. The stone giant hits you!
* * * LOW HITPOINT WARNING * * *
You fade into invisibility!
The stone giant hits you!
You die...

#########
##.....†.##
##..8...8†(##
#...........#
#.....8@....#
#..>...C.<..#
#.....8.....#
#.........(.#
##..8(..8..##
##.......##
......≈...
....≈≈≈≈≈..
.....≈≈≈.


You could see a stone giant (unable to see you).

Vanquished Creatures
  A stone giant (Depths:1)
  A vault guard (D:13)
  2 boulder beetles
  4 hydras
  5 two-headed ogres
  5 centaur warriors
  The ghost of Dritkant the Skirmisher, a journeyman GrHu of Hepliaklqana (D:9)
  4 skeletal warriors (D:15)
  A wizard (D:15)
  A deep elf zephyrmancer (D:15)
  2 orc knights (D:15)
  A necromancer (D:15)
  2 deep elf pyromancers
  An orc sorcerer (D:15)
  11 ugly things
  A manticore (D:14)
  5 cyclopes
  Maurice (D:8)
  2 centaur skeletons (D:15)
  A naga mage (D:15)
  2 gargoyles
  Maggie (D:8)
  An unseen horror (shapeshifter) (D:13)
  3 unseen horrors
  A queen bee (D:8)
  9 trolls
  A polar bear (shapeshifter) (D:15)
  A hornet (shapeshifter) (D:13)
  Grinder (D:6)
  A ynoxinul (D:9)
  2 shadows (D:12)
  2 vampires
  4 wraiths
  Sigmund (D:6)
  18 yaks
  A yak (shapeshifter) (D:15)
  A water elemental (Depths:1)
  A steam dragon (D:8)
  13 vampire mosquitoes
  2 water moccasins
  An acid dragon (D:5)
  7 orc warriors
  2 sky beasts (D:8)
  2 black bears
  4 ice beasts
  7 ogres
  4 centaurs
  3 phantoms
  10 kobold brigands
  2 necrophages (D:5)
  A bullfrog (D:6)
  6 gnoll sergeants
  4 scorpions
  4 wights (D:8)
  15 killer bees
  4 howler monkeys
  15 hounds
  4 orc priests
  4 jellies
  A gnoll bouda (D:8)
  11 orc wizards
  7 iguanas
  A boggart zombie (D:15)
  8 mummies (Ossuary)
  24 gnolls
  9 adders
  3 shadow imps
  A white imp (D:6)
  2 ufetubi
  2 worms
  4 dart slugs
  36 orcs
  8 ball pythons
  5 bats
  4 endoplasms
  2 giant cockroaches
  A gnoll zombie (Ossuary)
  3 hobgoblins
  10 jackals
  2 quokkas
  5 frilled lizards
  9 goblins
  3 hobgoblin zombies (Ossuary)
  44 kobolds
  2 kobold zombies (Ossuary)
  2 orc zombies (Ossuary)
  6 rats
432 creatures vanquished.

Vanquished Creatures (others)
  8 plants
8 creatures vanquished.

Grand Total: 440 creatures vanquished

Notes
Turn   | Place    | Note
-------+----------+-------------------------------------------
     0 | D:1      | veljko94 the Minotaur Fighter began the quest for the Orb.
     0 | D:1      | Reached XP level 1. HP: 19/19 MP: 0/0
    65 | D:1      | Found a faded altar of an unknown god.
   249 | D:1      | Reached XP level 2. HP: 27/27 MP: 1/1
  1354 | D:2      | Reached XP level 3. HP: 33/33 MP: 2/2
  1368 | D:2      | Noticed a phantom
  1376 | D:2      | Killed a phantom
  1377 | D:2      | Reached XP level 4. HP: 23/41 MP: 3/3
  1634 | D:2      | Upgraded the game from 0.29-a0-886-gfb1a3fa8b1 to
                  | 0.29-a0-892-g2c4c91d9db
  1654 | D:2      | Identified the +2 helmet of Generosity {Drain +Inv Dex+4
                  | Slay+5}
  2075 | D:3      | Reached XP level 5. HP: 45/47 MP: 4/4
  2171 | D:3      | Identified a scroll of acquirement
  2171 | D:3      | Acquired 1070 gold pieces
  2228 | D:3      | Found a sparkling altar of Nemelex Xobeh.
  2849 | D:4      | Reached skill level 5 in Fighting
  2849 | D:4      | Reached skill level 5 in Armour
  2849 | D:4      | Reached skill level 5 in Shields
  2917 | D:4      | Reached XP level 6. HP: 54/56 MP: 5/5
  3810 | D:5      | Entered Level 5 of the Dungeon
  3975 | D:5      | Found Pijepnun's General Store.
  3980 | D:5      | Reached skill level 5 in Polearms
  3980 | D:5      | Reached XP level 7. HP: 62/62 MP: 6/6
  3982 | D:5      | Bought a +4 plate armour of poison resistance for 564 gold
                  | pieces
  4058 | D:5      | Found a sand-covered staircase.
  4109 | Ossuary  | Entered an ossuary
  4357 | D:5      | Found an iron altar of Okawaru.
  4371 | D:5      | Found a sacrificial altar of Ru.
  4627 | D:5      | Reached XP level 8. HP: 71/71 MP: 7/7
  5790 | D:6      | Noticed Sigmund
  5800 | D:6      | Killed Sigmund
  5801 | D:6      | Reached XP level 9. HP: 81/81 MP: 8/8
  5985 | D:6      | You fall into a shaft and drop 1 floor!
  6230 | D:6      | Found a shadowy altar of Dithmenos.
  6553 | D:6      | Noticed Grinder
  6563 | D:6      | Paralysed by Grinder for 5 turns
  6574 | D:6      | Killed Grinder
  6672 | D:6      | Found the +7 staff of the Meek {protect, meekguard}
  6746 | D:6      | Found a burning altar of Makhleb.
  6751 | D:6      | Became a worshipper of Makhleb the Destroyer
  6781 | D:6      | Found a staircase to the Ecumenical Temple.
  7347 | D:7      | Found a stormy altar of Qazlal.
  7517 | D:8      | Reached skill level 1 in Staves
  7523 | D:8      | Reached XP level 10. HP: 79/91 MP: 9/9
  7530 | D:8      | Found Bystigepy's Magic Scroll Shoppe.
  7536 | D:8      | Bought a scroll of identify for 30 gold pieces
  7536 | D:8      | Bought a scroll of identify for 30 gold pieces
  7893 | D:8      | Reached * piety under Makhleb
  8193 | D:8      | Noticed Maggie
  8195 | D:8      | Reached skill level 10 in Fighting
  8195 | D:8      | Reached skill level 10 in Shields
  8198 | D:8      | Reached skill level 10 in Armour
  8198 | D:8      | Noticed Maurice
  8215 | D:8      | Killed Maggie
  8242 | D:8      | Killed Maurice
  8816 | D:9      | Identified the +2 ring mail of Durable Lucidity {+Inv}
  8828 | D:9      | Found a shimmering blue altar of Sif Muna.
  8833 | D:9      | Reached ** piety under Makhleb
  8834 | D:9      | Found a broken altar of Ashenzari.
  8894 | D:9      | Found a blossoming altar of Fedhas.
  8894 | D:9      | Found an opulent altar of Gozag.
  9188 | D:9      | Reached skill level 5 in Staves
  9192 | D:9      | Noticed Dritkant's ghost (journeyman GrHu)
  9220 | D:9      | Found a runed translucent door.
  9279 | D:9      | Killed Dritkant's ghost
  9280 | D:9      | Reached XP level 11. HP: 68/101 MP: 10/10
  9289 | D:9      | Got the Octavo of Spelunking
  9570 | D:10     | Entered Level 10 of the Dungeon
  9577 | D:10     | Noticed a two-headed ogre
  9585 | D:10     | Killed a two-headed ogre
  9828 | D:10     | Found a staircase to the Orcish Mines.
  9837 | D:10     | Reached *** piety under Makhleb
 10299 | D:10     | Noticed a two-headed ogre
 10307 | D:10     | Killed a two-headed ogre
 10580 | D:10     | Noticed a two-headed ogre
 10601 | D:10     | Killed a two-headed ogre
 10621 | D:10     | Reached **** piety under Makhleb
 11284 | D:11     | Found a staircase to the Lair.
 11378 | D:11     | Reached skill level 1 in Invocations
 11517 | D:11     | Noticed a boulder beetle
 11541 | D:11     | Killed a boulder beetle
 11832 | D:12     | Noticed a two-headed ogre
 11837 | D:12     | Killed a two-headed ogre
 11838 | D:12     | Reached XP level 12. HP: 112/113 MP: 12/12
 11918 | D:12     | Noticed a two-headed ogre
 11925 | D:12     | Killed a two-headed ogre
 12116 | D:12     | Found an opulent altar of Gozag.
 13340 | D:13     | Found Kugu's Antique Armour Shop.
 13429 | D:13     | Found Weyteor's Jewellery Boutique.
 13450 | D:13     | Bought an amulet of guardian spirit for 360 gold pieces
 13450 | D:13     | Bought the ring of the Tuna {rF+ rC+ rCorr Dex+4 SInv} for
                  | 643 gold pieces
 13566 | D:13     | Found Vesm's Antique Armour Emporium.
 13566 | D:13     | Noticed a seven-headed hydra
 13574 | D:13     | Killed a seven-headed hydra
 13819 | D:13     | Noticed a vault guard
 13832 | D:13     | Killed a vault guard
 13844 | D:13     | Found a gate to the Vaults.
 13844 | D:13     | Noticed a centaur warrior
 13851 | D:13     | Killed a centaur warrior
 13852 | D:13     | Reached skill level 5 in Invocations
 14057 | D:14     | Reached skill level 10 in Staves
 14104 | D:14     | Noticed an eight-headed hydra
 14111 | D:14     | Killed an eight-headed hydra
 14229 | D:14     | Found a gate leading to a gauntlet.
 14258 | D:14     | Noticed a centaur warrior
 14268 | D:14     | Killed a centaur warrior
 14436 | D:14     | Noticed a centaur warrior
 14436 | D:14     | Noticed a centaur warrior
 14445 | D:14     | Killed a centaur warrior
 14446 | D:14     | Reached XP level 13. HP: 101/123 MP: 12/16
 15322 | D:15     | Entered Level 15 of the Dungeon
 15978 | D:15     | Reached ***** piety under Makhleb
 16225 | D:15     | Identified the +0 war axe of Eternal Harmony {elec, rN+
                  | Will+}
 16448 | D:15     | Found a staircase to the Depths.
 16477 | Depths:1 | Entered Level 1 of the Depths
 16477 | Depths:1 | Noticed a stone giant
 16496 | Depths:1 | HP: 6/125 [white ugly thing (13)]
 16499 | Depths:1 | Killed a stone giant
 16500 | Depths:1 | Reached skill level 1 in Axes
 16517 | Depths:1 | HP: 5/125 [brown ugly thing (3)]
 16517 | Depths:1 | HP: 2/125 [acid (3)]
 16618 | Depths:1 | Noticed a stone giant
 16632 | Depths:1 | HP: 5/125 [stone giant (14)]
 16634 | Depths:1 | HP: 2/125 [stone giant (14)]
 16635 | Depths:1 | Mangled by a stone giant

Illustrated notes

Levels and vault maps discovered:
D:1:      zelgadis_glass_arrival_small, layout_loops_ring,
          hellmonk_ecumenical_altar_lost_god
D:2:      layout_loops_ring
D:3:      layout_basic, mainiacjoe_overflow_concentric_impassable,
          corexii_corridor_pit
D:4:      layout_basic, minivault_11
D:5:      cheibrodos_barr_body, layout_basic, okawaru_gym_becter,
          nicolae_ru_sacrificial_ziggurat, serial_shops, kennysheep_little_box,
          enter_ossuary_1, hangedman_minor_gate_pass
D:6:      layout_basic, lightli_temple_of_fire, nicolae_dithmenos_shadow_blocks,
          temple_green, pf_guarded_unrand_meek, uniq_grinder, uniq_sigmund
D:7:      layout_rooms, nicolae_overflow_hidden_temple, enter_bailey_5
D:8:      layout_cave_pools, serial_gnoll_camp, gnoll_camp_mini_loothouse,
          gnoll_camp_medium_02, gnoll_camp_mini_basic, gnoll_camp_mini_hut,
          gnoll_camp_mini_shop, nicolae_looking_at_the_future, uniq_maggie,
          uniq_maurice
D:9:      layout_roguey, grunt_temple_overflow_open, hellmonk_ghost_big_iron,
          interstate_on_off
D:10:     layout_loops_corners, kennysheep_orc_monster_closet_entryway,
          st_stairs_11
D:11:     layout_small_grid, lair_entry_dummy
D:12:     layout_loops_corners, grunt_ministairs_11, grunt_gozag_statues
D:13:     layout_roguey, david_vaults_4, serial_shops, nicolae_stop_n_shop_2,
          nicolae_stop_n_shop_1, shop
D:14:     layout_irregular_city, solitary_fountain, gauntlet_entry_generic,
          minmay_tree_intersection, kennysheep_generic_room_11
D:15:     grunt_enter_depths_magical_seal, layout_loops_ring,
          minmay_misc_feat_tiny
Depths:1: layout_cave_pools, enter_ziggurat_e, hangedman_abyss_or_decor_stabs,
          lightli_too_deep, grunt_ministairs_10, kennysheep_two_boxes

Skill      XL: |  1  2  3  4  5  6  7  8  9 10 11 12 13 |
---------------+----------------------------------------+-----
Fighting       | 4 5 6 8 9 10 12 13 14 | 14.8
Armour         | 4 5 6 8 9 10 12 13 14 | 14.9
Shields        | 4 5 6 8 9 10 12 | 12.0
Polearms       | 3 4 5 6 7 8 |  8.8
Staves         | 1 5 8 10 11 | 11.6
Invocations    | 2 5 7 |  7.6
Axes           | 3 |  3.1

Action                   |  1- 3 |  4- 6 |  7- 9 | 10-12 | 13-15 || total
-------------------------+-------+-------+-------+-------+-------++-------
Melee: Trident           |    62 |   126 |   289 |       |       ||   477
       Headbutt          |    13 |    20 |    68 |   123 |    82 ||   306
       Quarterstaff      |       |       |    31 |   650 |   188 ||   869
       War axe           |       |       |       |       |    93 ||    93
Evoke: Wand              |       |       |       |     5 |     3 ||     8
  Use: Scroll            |     3 |     7 |     4 |     7 |       ||    21
       Potion            |       |       |       |     4 |     8 ||    12
Armor: Scale mail        |    23 |     9 |       |       |       ||    32
       Chain mail        |       |    22 |       |       |       ||    22
       Plate armour      |       |    18 |   169 |   627 |   261 ||  1075
Dodge: Dodged            |    37 |    63 |   162 |   438 |   154 ||   854
Block: Buckler           |    15 |    20 |    64 |       |    33 ||   132

Table legend: (Time is in decaauts)
 A = Elapsed time spent in this place.
 B = Non-inter-level travel time spent in this place.
 C = Inter-level travel time spent in this place.
 D = Time resting spent in this place.
 E = Time spent auto-exploring this place.
 F = Levels seen in this place.
 G = Mean time per level.
                   A        B        C        D        E       F      G
               +--------+--------+--------+--------+--------+-----+--------+
         Total |  16545 |   6899 |   9646 |   3761 |      0 |  17 |  973.2 |
       Dungeon |  16156 |   6510 |   9646 |   3675 |      0 |  15 | 1077.1 |
        Depths |    169 |    169 |      0 |     86 |      0 |   1 |  169.0 |
       Ossuary |    218 |    218 |      0 |      0 |      0 |   1 |  218.0 |
               +--------+--------+--------+--------+--------+-----+--------+

Top non-repeatable levels by time:
     D:5: 1748 daAuts
    D:10: 1553 daAuts
    D:12: 1472 daAuts
    D:14: 1302 daAuts
     D:8: 1247 daAuts
    D:15: 1113 daAuts
     D:6: 1100 daAuts
     D:4: 1095 daAuts
     D:1: 1012 daAuts
     D:3: 934 daAuts
     D:2: 795 daAuts
     D:9: 789 daAuts
    D:11: 676 daAuts
    D:13: 663 daAuts
     D:7: 651 daAuts
